 Dungeon Crawl Stone Soup version 0.19-a0-1875-g4fea3da (webtiles) character file.

553 wazuzu the Basher (level 7, -3/75 HPs)
             Began as an Ogre Gladiator on Oct 13, 2016.
             Was an Initiate of the Shining One.
             Slain by Soeti's ghost (9 damage)
             ... on level 4 of the Dungeon.
             The game lasted 00:07:20 (3352 turns).

wazuzu the Basher (Ogre Gladiator)                  Turns: 3352, Time: 00:07:21

Health: -3/75      AC:  4    Str: 23    XL:     7   Next: 29%
Magic:  7/7        EV: 10    Int:  7    God:    the Shining One [......]
Gold:   175        SH:  0    Dex: 10    Spells: 0 memorised, 6 levels left

rFire  . . .     SeeInvis +     h - -2 giant spiked club (curse)
rCold  . . .     Gourm    .     b - +0 robe
rNeg   . . .     Faith    .     (shield currently unavailable)
rPois  .         Spirit   .     c - +1 hat
rElec  .         Dismiss  .     (no cloak)
rCorr  .         Reflect  .     (gloves unavailable)
MR     .....     Harm     .     (boots unavailable)
Stlth  +.........               (no amulet)
                                (no ring)
                                d - ring of see invisible

@: glowing
A: unfitting armour, tough skin 1
a: Renounce Religion


You were on level 4 of the Dungeon.
You worshipped the Shining One.
The Shining One was noncommittal.
You were not hungry.

You visited 2 branches of the dungeon, and saw 5 of its levels.

You collected 175 gold pieces.

Inventory:

Hand Weapons
 a - a +1 flail
 h - a cursed -2 giant spiked club (weapon)
Missiles
 k - 4 large rocks (quivered)
Armour
 b - a +0 robe (worn)
 c - a +1 hat (worn)
Jewellery
 d - a ring of see invisible (left hand)
Scrolls
 n - 3 scrolls of enchant armour
 p - a scroll of identify
 q - a scroll of remove curse
Potions
 e - 2 potions of cancellation
 j - 2 potions of brilliance
 l - a potion of curing {unknown}
Books
 u - a book of Misfortune

   Spells                             Type                      Level
   a - Confusing Touch                Hexes                        1
   b - Confuse                        Hexes                        3
   c - Gell's Gravitas                Hexes/Translocation          3
   d - Petrify                        Transmutation/Earth          4
   e - Metabolic Englaciation         Hexes/Ice                    5
   f - Yara's Violent Unravelling     Hexes/Transmutation          5
Comestibles
 f - a bread ration
 g - 6 chunks of flesh
 i - a royal jelly
 m - 2 slices of pizza
 s - a beef jerky


   Skills:
 + Level 6.1 Fighting
 * Level 9.1 Maces & Flails
 - Level 2.0 Throwing
 - Level 2.6 Dodging


You had 6 spell levels left.
You didn't know any spells.

Dungeon Overview and Level Annotations

Branches:
Dungeon (4/15)             Temple (1/1) D:4

Altars:
Cheibriados
Gozag
Makhleb
Nemelex Xobeh
Okawaru
Qazlal
Vehumet
Zin
The Shining One

Annotations:
D:4 Soeti's ghost, novice DsFi


Innate Abilities, Weirdness & Mutations

You are too large for most types of armour.
You have tough skin. (AC +1)


Message History

Soeti's ghost closely misses you.
You barely miss Soeti's ghost.
Soeti's ghost is heavily damaged.
Soeti's ghost barely misses you. Soeti's ghost hits you.
You bludgeon Soeti's ghost!!
Soeti's ghost is almost destroyed.
Soeti's ghost hits you!
* * * LOW HITPOINT WARNING * * *
Okay, then.
You hit Soeti's ghost but do no damage.
Soeti's ghost is almost destroyed.
Soeti's ghost hits you.
* * * LOW HITPOINT WARNING * * *
You barely miss Soeti's ghost.
Soeti's ghost is almost destroyed.
Soeti's ghost closely misses you. x2
You hit Soeti's ghost but do no damage.
Soeti's ghost is almost destroyed.
Soeti's ghost hits you!
You die...

#..##.#.......... #
#.###.#.......(#.. #. ####.#
#..........##. #..### #....#
###........##. #....###.####
#........... #.....#
##........### ##..###
###.........# #
#.########...........# #.
#.##lZW@...##........#
#..##....##########.....####
#........# ####.....#
##.....##.# #.....#
#.....?.#.# #.....#
#......†...l# #.....#
#....?.....?# #......
..#.....#.#.... #.....#
###.....#.####. #.....#


You could see an iguana, Soeti's ghost and a centaur skeleton.

Vanquished Creatures
  An ogre (D:4)
  A centaur (D:4)
  A bullfrog (D:4)
  An orc priest (D:4)
  Jessica (D:2)
  Natasha (thrice) (D:3)
  Terence (D:3)
  Robin (D:3)
  4 adders (D:3)
  3 oozes
  A worm (D:3)
  5 dart slugs
  4 leopard geckos
  8 orcs
  A ball python (D:3)
  5 bats
  3 giant cockroaches
  17 goblins
  7 hobgoblins
  4 jackals
  6 kobolds
  A quokka (D:3)
  5 frilled lizards
  7 rats
91 creatures vanquished.

Notes
Turn   | Place    | Note
-------+----------+-------------------------------------------
     0 | D:1      | wazuzu the Ogre Gladiator began the quest for the Orb.
     0 | D:1      | Reached XP level 1. HP: 22/22 MP: 1/1
   178 | D:1      | Reached XP level 2. HP: 31/31 MP: 2/2
   400 | D:1      | Reached skill level 5 in Maces & Flails
   402 | D:1      | Reached XP level 3. HP: 23/37 MP: 3/3
  1203 | D:2      | Found a sparkling altar of Nemelex Xobeh.
  1480 | D:2      | Noticed Jessica
  1486 | D:2      | Killed Jessica
  1486 | D:2      | Reached XP level 4. HP: 46/48 MP: 4/4
  1531 | D:3      | Noticed Natasha
  1546 | D:3      | Killed Natasha
  1546 | D:3      | Reached skill level 6 in Maces & Flails
  1776 | D:3      | Reached XP level 5. HP: 52/55 MP: 5/5
  2247 | D:3      | Noticed Natasha
  2257 | D:3      | Killed Natasha
  2257 | D:3      | Reached skill level 7 in Maces & Flails
  2412 | D:3      | Noticed Natasha
  2417 | D:3      | Killed Natasha
  2432 | D:3      | Found a snail-covered altar of Cheibriados.
  2482 | D:3      | Reached skill level 5 in Fighting
  2706 | D:3      | Noticed Robin
  2711 | D:3      | Reached XP level 6. HP: 66/66 MP: 6/6
  2728 | D:3      | Killed Robin
  2969 | D:3      | Noticed Terence
  2986 | D:3      | Killed Terence
  3165 | D:4      | Found a staircase to the Ecumenical Temple.
  3171 | Temple   | Entered the Ecumenical Temple
  3188 | Temple   | Became a worshipper of the Shining One
  3219 | D:4      | Reached skill level 8 in Maces & Flails
  3270 | D:4      | Reached XP level 7. HP: 71/74 MP: 7/7
  3296 | D:4      | Reached skill level 9 in Maces & Flails
  3330 | D:4      | Noticed Soeti's ghost (novice DsFi)
  3352 | D:4      | Slain by Soeti's ghost

Vault maps used:
D:1:      minmay_arrival_diagonal_passages, minmay_misc_feat_ornament,
          st_stairs_3
D:2:      nemelex_altar_shiori, minmay_misc_feat_secret_circle,
          roderic_greek_sauvastika, uniq_jessica
D:3:      cheibriados_altar_1, minmay_quantized, uniq_robin, uniq_terence,
          uniq_natasha
Temple:   eino_temple_scatter_basement

Skill      XL: |  1  2  3  4  5  6  7 |
---------------+----------------------+-----
Fighting       | 3 4 5 6 |  6.1
Maces & Flails | 5 6 7 8 9 |  9.1
Throwing       | |  2.0
Dodging        | |  2.6

Action                   |  1- 3 |  4- 6 |  7- 9 || total
-------------------------+-------+-------+-------++-------
Melee: Flail             |   120 |   195 |    13 ||   328
       Giant spiked club |       |       |    11 ||    11
  Use: Scroll            |       |    13 |       ||    13
 Stab: Sleeping          |     2 |       |       ||     2
  Eat: Chunk             |     2 |     6 |       ||     8
Armor: Robe              |    38 |    32 |     5 ||    75
Dodge: Dodged            |    58 |   107 |    14 ||   179
